 Dungeon Crawl Stone Soup version 0.19.1 (webtiles) character file.

175 Haldmier the Cleaver (level 5, -3/42 HPs)
             Began as a Hill Orc Gladiator on Dec 5, 2016.
             Slain by an orc wizard
             ... wielding a +0 dagger
              (4 damage)
             ... on level 3 of the Dungeon.
             The game lasted 00:05:20 (2322 turns).

Haldmier the Cleaver (Hill Orc Gladiator)           Turns: 2322, Time: 00:05:21

Health: -3/42      AC:  7    Str: 18    XL:     5   Next: 55%
Magic:  5/5        EV: 11    Int:  8    God:
Gold:   54         SH:  0    Dex: 12    Spells: 0 memorised, 4 levels left

rFire  . . .     SeeInvis .     o - +2 mace (crush)
rCold  . . .     Gourm    .     l - +0 ring mail
rNeg   . . .     Faith    .     (no shield)
rPois  .         Spirit   .     c - +0 helmet
rElec  .         Reflect  .     (no cloak)
rCorr  .         Harm     .     b - +0 pair of gloves
MR     .....                    (no boots)
Stlth  +.........               (no amulet)
                                (no ring)
                                (no ring)

@: no status effects
A: no striking features
a: no special abilities


You were on level 3 of the Dungeon.
You were not hungry.

You visited 1 branch of the dungeon, and saw 3 of its levels.

You collected 54 gold pieces.

Inventory:

Hand Weapons
 a - a +0 war axe
 o - a +2 mace of crushing (weapon)
Missiles
 d - 3 throwing nets
 s - 4 javelins (quivered)
Armour
 b - a +0 pair of gloves (worn)
 c - a +0 helmet (worn)
 h - a +0 chain mail
 l - a +0 ring mail (worn)
Wands
 q - a wand of paralysis (4/24)
Scrolls
 e - a scroll of enchant weapon {unknown}
 k - 2 scrolls of recharging {unknown}
 m - a scroll of magic mapping {unknown}
 p - a scroll of amnesia {unknown}
 r - a scroll of remove curse {unknown}
 t - 3 scrolls of identify {unknown}
Potions
 i - a potion of cure mutation {unknown}
 j - 2 potions of heal wounds {unknown}
 n - a potion of curing {unknown}
Comestibles
 f - 3 bread rations
 g - 3 meat rations
 u - 4 chunks of flesh


   Skills:
 - Level 2.4 Fighting
 + Level 8.0 Axes
 - Level 1.7 Throwing
 - Level 2.4 Dodging


You had 4 spell levels left.
You didn't know any spells.

Dungeon Overview and Level Annotations

Branches:
Dungeon (3/15)

Altars:
Sif Muna


Message History

Deactivating autopickup; reactivate with Ctrl-A.
Something hits you but does no damage.
You barely miss something. Something hits you but does no damage.
Something hits you.
You take 4 damage, and have 13/42 hp.
You completely miss something. Something hits you but does no damage.
You miss something.
You hear some strange, mumbled words.
A magic dart appears from out of thin air!
The magic dart hits you!
* * * LOW HITPOINT WARNING * * *
You hear some strange, mumbled words.
A puff of flame appears from out of thin air!
The puff of flame hits you!
* * * LOW HITPOINT WARNING * * *
You take 13 damage, and have 1/42 hp.
MASSIVE DAMAGE!!
You miss something. Something hits you but does no damage.
You closely miss something. Something hits you but does no damage.
Something hits you.
You die...

#.
#..S########.#
#.(So{@.......
#(.o#####....#
... ..# . .


You could see 2 adders and 2 orcs.

Vanquished Creatures
  An orc wizard (D:3)
  3 gnolls (D:2)
  7 adders (D:2)
  An ooze (D:2)
  A worm (D:2)
  3 dart slugs
  An orc (D:3)
  7 bats
  3 giant cockroaches (D:2)
  5 goblins
  5 hobgoblins (D:1)
  3 jackals (D:2)
  4 kobolds (D:1)
  7 rats
51 creatures vanquished.

Notes
Turn   | Place    | Note
-------+----------+-------------------------------------------
     0 | D:1      | Haldmier the Hill Orc Gladiator began the quest for the Orb.
     0 | D:1      | Reached XP level 1. HP: 18/18 MP: 1/1
    46 | D:1      | Reached XP level 2. HP: 5/25 MP: 2/2
   426 | D:1      | Reached skill level 5 in Axes
   930 | D:1      | Reached XP level 3. HP: 30/30 MP: 3/3
  1277 | D:2      | Reached skill level 6 in Axes
  1682 | D:2      | Reached XP level 4. HP: 37/37 MP: 4/4
  1869 | D:2      | Reached skill level 7 in Axes
  2080 | D:2      | Reached XP level 5. HP: 38/42 MP: 5/5
  2260 | D:2      | Found a deep blue altar of Sif Muna.
  2306 | D:3      | Reached skill level 8 in Axes
  2320 | D:3      | HP: 1/42 [something/puff of flame (6)]
  2322 | D:3      | Slain by an orc wizard

Skill      XL: |  1  2  3  4  5 |
---------------+----------------+-----
Axes           | 5 6 7 8 |  8.0
Fighting       | |  2.4
Throwing       | |  1.7
Dodging        | |  2.4

Action                   |  1- 3 |  4- 6 || total
-------------------------+-------+-------++-------
Melee: War axe           |    43 |       ||    43
       Mace              |    36 |    80 ||   116
Throw: Javelin           |     4 |    12 ||    16
  Eat: Chunk             |     2 |     3 ||     5
Armor: Leather armour    |     8 |       ||     8
       Ring mail         |    16 |    26 ||    42
Dodge: Dodged            |    56 |    51 ||   107
